 Dungeon Crawl Stone Soup version 0.24.0-123-gd5b16e6ec5 (webtiles) character file.

Game seed: 10934450356985661713, levelgen mode: deterministic

564 Johnny the Digger (level 6, -3/45 HPs)
             Began as a Demigod Earth Elementalist on Feb 4, 2020.
             Slain by an orc
             ... wielding a +0 flail
              (5 damage)
             ... on level 4 of the Dungeon.
             The game lasted 00:03:11 (2679 turns).

Johnny the Digger (Demigod Earth Elementalist)      Turns: 2679, Time: 00:03:11

Health: -3/45      AC:  3    Str: 16    XL:     6   Next: 84%
Magic:  9/16       EV: 12    Int: 23    God:
Gold:   122        SH:  0    Dex: 16    Spells: 10/14 levels left

rFire    . . .     SeeInvis .   (no weapon)
rCold    . . .     Gourm    .   (no shield)
rNeg     . . .     Faith    .   c - +0 robe
rPois    .         Spirit   .   (no helmet)
rElec    .         Reflect  .   (no cloak)
rCorr    .         Harm     .   (no gloves)
MR       .....                  h - +0 pair of boots
Stlth    ++........             (no amulet)
HPRegen  0.15/turn              (no ring)
MPRegen  0.15/turn              (no ring)

@: mighty, lethally poisoned (-3 -> -6)
A: high mp 1
a: no special abilities


You were on level 4 of the Dungeon.
You were hungry.

You visited 1 branch of the dungeon, and saw 5 of its levels.

You collected 122 gold pieces.

Inventory:

Missiles
 b - 9 stones (quivered)
Armour
 c - a +0 robe (worn)
 h - a +0 pair of boots (worn)
Scrolls
 a - 2 scrolls of immolation
 g - 2 scrolls of remove curse
 j - 2 scrolls of noise
Potions
 e - a potion of might
 k - a potion of flight {unknown}
 m - 2 potions of haste {unknown}
Comestibles
 d - 3 rations
 l - 3 chunks of flesh


   Skills:
 - Level 1.7 Dodging
 - Level 1.7 Stealth
 + Level 4.7 Spellcasting
   Level 0.8 Transmutations
 + Level 5.6 Earth Magic


You had 10 spell levels left.
You knew the following spells:

 Your Spells              Type           Power        Failure   Level  Hunger
a - Sandblast             Erth           ####..       1%          1    None
b - Stone Arrow           Conj/Erth      ###...       10%         3    ##.....

Your spell library contained the following spells:

 Spells                   Type           Power        Failure   Level  Hunger
 Passwall                 Tmut/Erth      ###.....     3%          2    None
 Petrify                  Tmut/Erth      ###.....     26%         4    ####...
 Lee's Rapid Deconstruct  Erth           ####......   26%         5    #####..


Dungeon Overview and Level Annotations

Branches:
Dungeon (5/15)             Temple (0/1) D:5

Annotations:
D:4 Ijyb


Innate Abilities, Weirdness & Mutations

You have an increased reservoir of magic. (+10% MP)


Message History

The blast of sand hits the orc wizard!!
You kill the orc wizard!
b - 10 stones
* * * LOW HITPOINT WARNING * * *
You feel sick. The worker ant bites you.
* * * LOW HITPOINT WARNING * * *
Casting: Sandblast (safe; 1% risk of failure)
Confirm with . or Enter, or press ? or * to list all spells.
Aiming: Sandblast (safe; 1% risk of failure)
Press: ? - help, Shift-Dir - straight line, f/p - worker ant
Aim: a worker ant (almost dead)
The blast of sand hits the worker ant!
You kill the worker ant!
b - 9 stones Unknown command.
It was a potion of might.
You feel very mighty all of a sudden.
* * * LOW HITPOINT WARNING * * *
You feel sick. The orc hits you with a +0 flail.
You die...

.......... ... .#.
.......... ..# ......#
.......... #.. ...<...
....# ..####.......
....######## .............
...))......##.............
...#######...### .......
..## ###...####)...... ##
###..@o.)......
######....... #######


You could see an orc.

Vanquished Creatures
  Sigmund (D:5)
  An ogre (D:4)
  A scorpion (D:4)
  An orc priest (D:5)
  4 orc wizards
  A worker ant (D:4)
  A worker ant zombie (D:2)
  2 adders (D:2)
  An ooze (D:2)
  A worm (D:2)
  A dart slug (D:1)
  A leopard gecko (D:1)
  11 orcs
  2 giant cockroaches (D:2)
  7 goblins
  5 hobgoblins
  7 jackals
  A quokka (D:2)
  A ball python (D:1)
  6 bats
  4 frilled lizards
  4 kobolds (D:1)
  5 rats
69 creatures vanquished.

Notes
Turn   | Place    | Note
-------+----------+-------------------------------------------
     0 | D:1      | Johnny the Demigod Earth Elementalist began the quest for
                  | the Orb.
     0 | D:1      | Reached XP level 1. HP: 14/14 MP: 5/5
    97 | D:1      | Reached skill level 3 in Earth Magic
   104 | D:1      | Reached XP level 2. HP: 11/20 MP: 0/7
   919 | D:2      | Reached XP level 3. HP: 26/26 MP: 4/9
  1411 | D:2      | Reached XP level 4. HP: 15/33 MP: 3/11
  1950 | D:2      | Learned a level 3 spell: Stone Arrow
  2222 | D:3      | Reached skill level 4 in Earth Magic
  2360 | D:3      | You fall into a shaft and drop 2 floors!
  2360 | D:5      | Entered Level 5 of the Dungeon
  2393 | D:5      | Noticed Sigmund
  2394 | D:5      | Found Dusofuex's Assorted Antiques.
  2402 | D:5      | Killed Sigmund
  2402 | D:5      | Reached XP level 5. HP: 27/38 MP: 7/14
  2409 | D:4      | Noticed an ogre
  2410 | D:4      | Noticed Ijyb
  2411 | D:4      | Reached skill level 5 in Earth Magic
  2411 | D:4      | Reached XP level 6. HP: 34/45 MP: 6/15
  2560 | D:5      | Found a staircase to the Ecumenical Temple.
  2679 | D:4      | HP: 2/45 [poisoned by a worker ant]
  2679 | D:4      | Slain by an orc

Levels and vault maps discovered:
D:1:      lightli_arrival_maybe_door_vault, layout_basic, minivault_4
D:2:      layout_basic
D:3:      layout_basic, first_ration
D:4:      layout_rooms, portal_sewer_entry_d, uniq_ijyb
D:5:      layout_loops_ring, nicolae_tso_carved_into_rock,
          minmay_temple_entry_gardened_gates, serial_shops,
          nicolae_shop_statue_plus, shop, tgw_trog, uniq_sigmund

Skill      XL: |  1  2  3  4  5 |
---------------+----------------+-----
Spellcasting   | 2 4 |  4.7
Earth Magic    | 3 4 5 |  5.6
Dodging        | |  1.7
Stealth        | |  1.7
Transmutations | |  0.8

Action                   |  1- 3 |  4- 6 || total
-------------------------+-------+-------++-------
Melee: Unarmed           |    66 |    32 ||    98
 Cast: Sandblast         |    58 |    51 ||   109
       Stone Arrow       |       |     2 ||     2
  Use: Potion            |     1 |     3 ||     4
       Scroll            |       |     5 ||     5
 Stab: Sleeping          |     3 |     1 ||     4
  Eat: Chunk             |     2 |       ||     2
       Ration            |       |     1 ||     1
Armor: Robe              |    31 |    11 ||    42
Dodge: Dodged            |    63 |    39 ||   102
